 Dungeon Crawl Stone Soup version 0.19-a0-1457-g32fba05 (webtiles) character file.

10928 LORDOFBUTT the Blocker (level 12, -9/94 HPs)
             Began as a Formicid Fighter on Sept 6, 2016.
             Was an Initiate of Gozag.
             Killed from afar by a wizard (33 damage)
             ... with a bolt of cold
             ... on level 10 of the Dungeon.
             The game lasted 00:18:57 (10749 turns).

LORDOFBUTT the Blocker (Formicid Fighter)          Turns: 10749, Time: 00:18:58

Health: -9/94      AC: 11    Str: 21    XL:     12   Next: 1%
Magic:  13/13      EV: 13    Int:  9    God:    Gozag
Gold:   948        SH: 13    Dex: 14    Spells: 0 memorised, 11 levels left

rFire  . . .     SeeInvis +     g - +1 whip (flame)
rCold  . . .     Gourm    .     A - +3 scale mail {rPois}
rNeg   . . .     Faith    .     c - +0 shield
rPois  +         Spirit   .     (helmet unavailable)
rElec  .         Dismiss  .     (no cloak)
rCorr  +         Reflect  .     (no gloves)
MR     +....     Harm     .     (no boots)
Stlth  +.........               (no amulet)
                                (no ring)
                                q - ring of resist corrosion

@: gold aura
A: permanent stasis, dig shafts and tunnels, four strong arms, antennae 3
a: Dig, Shaft Self, Potion Petition, Call Merchant, Bribe Branch, Renounce
Religion


You were on level 10 of the Dungeon.
You worshipped Gozag.
Gozag was pleased with you.
You were not hungry.

You visited 1 branch of the dungeon, and saw 10 of its levels.

You collected 2325 gold pieces.
You spent 96 gold pieces at shops.
You paid 1281 gold pieces to Gozag.

Inventory:

Hand Weapons
 g - a +1 whip of flaming (weapon)
 h - a +0 hunting sling
 u - a +3 morningstar of protection
Armour
 c - a +0 shield (worn)
 A - a +3 scale mail of poison resistance (worn)
 B - a +1 scale mail of positive energy
Jewellery
 q - a ring of resist corrosion (left hand)
 r - an uncursed ring of ice
 H - an uncursed amulet of the gourmand {unknown}
Wands
 k - a wand of confusion (10/48)
 v - a wand of lightning (3/15)
 w - a wand of heal wounds (4/9)
 y - a wand of slowing (30/48)
 C - a wand of polymorph (18/24)
 D - a wand of polymorph (9/24)
Scrolls
 a - 2 scrolls of blinking
 b - 2 scrolls of recharging
 d - 2 scrolls of random uselessness
 e - 2 scrolls of fog
 i - 4 scrolls of teleportation
 p - a scroll of magic mapping
 x - a scroll of amnesia
 z - a scroll of remove curse
 I - 4 scrolls of identify
 L - a scroll of enchant armour
Potions
 j - a potion of resistance {unknown}
 m - 2 potions of brilliance
 n - 2 potions of flight
 s - a potion of cancellation
 t - a potion of agility {unknown}
 E - a potion of haste {unknown}
 F - a potion of berserk rage {unknown}
Books
 l - a book of Alchemy

   Spells                             Type                      Level
   a - Sublimation of Blood           Necromancy                   2
   b - Ignite Poison                  Fire/Transmutation/Poison    3
   c - Petrify                        Transmutation/Earth          4
   d - Alistair's Intoxication        Transmutation/Poison         5
   e - Irradiate                      Conjuration/Transmutation    5
 J - a book of the Earth

   Spells                             Type                      Level
   a - Leda's Liquefaction            Hexes/Earth                  4
   b - Bolt of Magma                  Conjuration/Fire/Earth       5
   c - Statue Form                    Transmutation/Earth          6
   d - Iron Shot                      Conjuration/Earth            6
   e - Shatter                        Earth                        9
 K - Sif Muna's Compendium of Battle Magic
   (You found it on level 9 of the Dungeon)

   Spells                             Type                      Level
   a - Magic Dart                     Conjuration                  1
Comestibles
 f - 9 bread rations
 o - a royal jelly
 G - 7 beef jerkies


   Skills:
 + Level 8.8 Fighting
 + Level 9.4 Maces & Flails
 + Level 8.6 Armour
 + Level 6.1 Dodging
 + Level 2.6 Stealth
 + Level 11.6 Shields
 + Level 1.5 Evocations


You had 11 spell levels left.
You didn't know any spells.

Dungeon Overview and Level Annotations

Branches:
Dungeon (10/15)            Temple (0/1) D:6
   Lair: D:8-11         Orc: D:9-12

Altars:
Ashenzari
Dithmenos
Elyvilon
Gozag
Nemelex Xobeh
Ru
Sif Muna
Xom
The Shining One

Shops:
D:5 (*   D:7 (


Innate Abilities, Weirdness & Mutations

You are under a permanent stasis effect.
You can dig through walls and to a lower floor.
Your four strong arms can wield two-handed weapons with a shield.
You have a pair of large antennae on your head. (SInv)


Message History

You whack the wizard! You burn the wizard.
The wizard is heavily wounded.
You block the wizard's attack.
You hit the wizard. You burn the wizard.
The wizard is heavily wounded.
The wizard barely misses you.
You hit the wizard. You burn the wizard.
The wizard is severely wounded.
The wizard points at you and mumbles some strange words.
The crystal spear misses you.
You hit the wizard. You burn the wizard.
The wizard is severely wounded.
The wizard casts a spell at you.
Your stasis keeps you stable.
You hit the wizard but do no damage.
The wizard is severely wounded.
The wizard points at you and mumbles some strange words.
The bolt of cold hits you!
You die...
Your body crumbles into a pile of gold.

############ {
#..........#
#......#...#
###....§##..#
##.##.....##.#
##...##§..§}#.#
##.§...##...(#.#
#...)§..#.§§§#@#
#..§#§.§§§§.##p#
#...##§.§..##..#
#....##§§§##...#
###....##§##....#
##.##....###.....#
#...##....#).....#
.....##...#)p....#
......#...#


You could see 2 wizards.

Vanquished Creatures
  The ghost of shinino the Spear-Bearer, a novice MiFi of Okawaru (D:8)
  An unseen horror (D:10)
  2 wizards (D:10)
  Pikel (D:9)
  Joseph (D:8)
  The ghost of LORDOFBUTT the Shield-Bearer, an amateur FoFi (D:4)
  Eustachio (D:6)
  13 yaks (D:9)
  A hungry ghost (D:9)
  2 hippogriffs
  4 orc warriors
  A black bear (D:7)
  A sky beast (D:8)
  An eye of draining (D:8)
  2 phantoms (D:8)
  3 ice beasts
  6 ogres
  5 boggarts (D:10)
  4 centaurs
  2 giant frogs (D:7)
  3 scorpions
  A water moccasin skeleton (D:7)
  13 killer bees
  2 howler monkeys (D:7)
  17 wights
  A crimson imp (D:10)
  A centaur zombie (D:8)
  6 orc priests
  2 giant frog zombies
  Crazy Yiuf (D:3)
  3 centaur skeletons
  3 hounds
  A giant frog skeleton (D:6)
  2 jellies
  A gnoll shaman (D:4)
  3 iguanas
  6 orc wizards
  4 worker ants
  A howler monkey zombie (D:5)
  16 gnolls
  10 adders
  A howler monkey skeleton (D:4)
  3 shadow imps
  2 adder zombies
  An adder skeleton (D:5)
  4 worms
  4 dart slugs
  5 giant geckos
  47 orcs
  A ball python (D:1)
  11 bats
  6 giant cockroaches
  7 goblins
  6 hobgoblins
  4 jackals
  A quokka (D:3)
  A giant gecko zombie (D:6)
  4 giant newts
  A jackal zombie (D:6)
  9 kobolds
  28 rats
  A fungus (D:3)
297 creatures vanquished.

Vanquished Creatures (others)
  A slave (D:9)
  4 toadstools (D:1)
5 creatures vanquished.

Grand Total: 302 creatures vanquished

Notes
Turn   | Place    | Note
-------+----------+-------------------------------------------
     0 | D:1      | LORDOFBUTT the Formicid Fighter began the quest for the Orb.
     0 | D:1      | Reached XP level 1. HP: 18/18 MP: 1/1
   221 | D:1      | Reached XP level 2. HP: 23/24 MP: 2/2
   663 | D:1      | Reached XP level 3. HP: 29/30 MP: 3/3
   975 | D:2      | Reached skill level 4 in Shields
  1124 | D:2      | Reached XP level 4. HP: 34/37 MP: 4/4
  1363 | D:2      | Found an opulent altar of Gozag.
  1434 | D:2      | Became a worshipper of Gozag Ym Sagoz the Greedy
  1865 | D:2      | Reached XP level 5. HP: 39/42 MP: 5/5
  2035 | D:3      | Found a sacrificial altar of Ru.
  2076 | D:3      | Reached skill level 5 in Shields
  2462 | D:3      | Reached skill level 1 in Dodging
  2786 | D:3      | Found a runed door.
  2790 | D:3      | Noticed Crazy Yiuf
  2799 | D:3      | Killed Crazy Yiuf
  2799 | D:3      | Reached XP level 6. HP: 41/48 MP: 6/6
  2881 | D:4      | Noticed LORDOFBUTT's ghost (amateur FoFi)
  2895 | D:4      | Killed LORDOFBUTT's ghost
  2895 | D:4      | Reached XP level 7. HP: 40/55 MP: 7/7
  2997 | D:4      | Found a shattered altar of Ashenzari.
  3037 | D:4      | Found a shadowy altar of Dithmenos.
  3686 | D:5      | Entered Level 5 of the Dungeon
  3753 | D:5      | Found Benargh's Antique Weapon Boutique.
  3760 | D:5      | Bought a glowing morningstar for 96 gold pieces
  3797 | D:5      | Reached skill level 6 in Shields
  3934 | D:4      | Reached XP level 8. HP: 46/61 MP: 8/8
  4081 | D:5      | Found Ceghos's General Store.
  4312 | D:5      | Reached skill level 5 in Fighting
  4327 | D:5      | Found a sparkling altar of Nemelex Xobeh.
  4386 | D:5      | Reached skill level 5 in Armour
  4548 | D:6      | Reached skill level 1 in Stealth
  4819 | D:6      | Reached skill level 7 in Shields
  4834 | D:6      | Reached skill level 5 in Maces & Flails
  4934 | D:6      | Found a staircase to the Ecumenical Temple.
  4952 | D:6      | Noticed Eustachio
  4966 | D:6      | Killed Eustachio
  5053 | D:6      | Reached XP level 9. HP: 26/69 MP: 9/9
  5302 | D:6      | Found a glowing golden altar of the Shining One.
  5361 | D:7      | Reached skill level 8 in Shields
  6295 | D:7      | Reached skill level 9 in Shields
  6749 | D:7      | Reached XP level 10. HP: 39/77 MP: 10/10
  7004 | D:8      | Noticed shinino's ghost (novice MiFi)
  7580 | D:8      | Killed shinino's ghost
  7770 | D:8      | Reached skill level 1 in Evocations
  7871 | D:8      | Found a white marble altar of Elyvilon.
  7931 | D:8      | Noticed Joseph
  7955 | D:8      | Killed Joseph
  7955 | D:8      | Reached skill level 10 in Shields
  8671 | D:9      | Reached XP level 11. HP: 47/85 MP: 12/12
  8744 | D:9      | Reached skill level 5 in Dodging
  9038 | D:9      | Found a deep blue altar of Sif Muna.
  9085 | D:9      | Identified Sif Muna's Compendium of Battle Magic
  9328 | D:9      | Reached skill level 11 in Shields
  9835 | D:9      | Noticed Pikel
  9848 | D:9      | Killed Pikel
  9917 | D:9      | Found a shimmering altar of Xom.
 10241 | D:10     | Entered Level 10 of the Dungeon
 10244 | D:10     | Noticed an unseen horror
 10262 | D:10     | Killed an unseen horror
 10678 | D:10     | Noticed a wizard
 10686 | D:10     | Killed a wizard
 10720 | D:10     | Noticed a wizard
 10721 | D:10     | Noticed a wizard
 10739 | D:10     | Killed a wizard
 10739 | D:10     | Reached XP level 12. HP: 73/94 MP: 13/13
 10749 | D:10     | Killed from afar by a wizard

Vault maps used:
D:1:      ldierk_walled_garden_2
D:2:      grunt_gozag_statues, grunt_decor_clamped, minmay_distorted
D:3:      lemuel_round_altar, first_bread, minmay_rat_hole,
          uniq_crazy_yiuf_cottage
D:4:      old_standard_altar, nicolae_dithmenos_through_a_glass_darkly
D:5:      kennysheep_mini, serial_shops,
          nicolae_shop_temple_entry_statues_fountains, minmay_shop_grid_forest
D:6:      tso_altar, uniq_eustachio
D:7:      serial_curves, eino_curves_02, eino_curves_01
D:8:      overflow_temple_1_default, grunt_ogre_cave, uniq_joseph
D:9:      led_sif_book, marbit_many_paths, uniq_pikel
D:10:     minmay_smoke_and_mirrors, lair_0_dummy

Skill      XL: |  1  2  3  4  5  6  7  8  9 10 11 |
---------------+----------------------------------+-----
Shields        | 4 5 6 7 9 10 11 | 11.6
Fighting       | 4 5 6 7 8 |  8.8
Maces & Flails | 3 4 5 6 8 9 |  9.4
Dodging        | 1 2 3 4 6 |  6.1
Armour         | 4 6 7 8 |  8.6
Stealth        | 1 2 |  2.6
Evocations     | 1 |  1.5

Action                   |  1- 3 |  4- 6 |  7- 9 | 10-12 || total
-------------------------+-------+-------+-------+-------++-------
Melee: Flail             |   161 |   310 |    21 |       ||   492
       Morningstar       |       |       |   368 |   469 ||   837
       Whip              |       |       |       |    71 ||    71
Invok: Potion Petition   |       |       |     1 |     1 ||     2
       Call Merchant     |       |       |     1 |       ||     1
Evoke: Wand              |       |       |     5 |     9 ||    14
  Use: Scroll            |     2 |     4 |    10 |     5 ||    21
       Potion            |       |     1 |     6 |     3 ||    10
 Stab: Distracted        |       |     1 |     1 |     3 ||     5
  Eat: Chunk             |       |     2 |       |       ||     2
       Bread ration      |       |     1 |     2 |       ||     3
       Pizza             |       |     1 |       |       ||     1
       Meat ration       |       |       |     1 |     3 ||     4
       Fruit             |       |       |     3 |       ||     3
Armor: Scale mail        |    21 |       |    80 |   161 ||   262
       Plate armour      |   123 |   201 |   144 |       ||   468
Dodge: Dodged            |    57 |    71 |   190 |   201 ||   519
Block: Shield            |   113 |   203 |   314 |   328 ||   958
